Cogmind - Beta 14 @@@ ROGUE MODE // 2024.09.13 @ 23:11:57 // Winter2019/RPGLIKE Player: Luminiferous Result: Fortifying 0b10! Performance ------------- Evolutions (9) 4500 Regions Visited (26) 5200 Robots Destroyed (467) 2335 Value Destroyed (26500) 26500 Prototype IDs (76) 1520 Alien Tech Used (7) 1400 Bonus (16474) 16474 TOTAL SCORE: 57929 Bonus ------- High Alert Combat Kills 2432 Entered Garrisons 200 Used RIF Installer 500 Aligned with FarCom 300 Scanned by Researcher 500 Met MAIN.C 5000 Destroyed MAIN.C Shell 5000 Win 3000 Friendly Fire -458 Cogmind --------- Core Integrity 754/1000 Matter 300/300 Energy 102/380 System Corruption 1% Temperature Cool (14) Movement Hovering (46) Location By MAIN.C's Side Parts ------- > --- POWER (3) -------- Zero-point Reactor Zero-point Reactor > --- PROPULSION (7) --- Combat Gravmag System Combat Antigrav System Experimental Gyrokinetic Inverter Combat Linear Gravjet Combat Linear Gravjet Combat Linear Gravjet Combat Linear Gravjet > --- UTILITY (12) ----- Experimental Core Analyzer Femtoactuators Actuator Array Advanced Force Booster Improved Reaction Control System Advanced Phase Shifter Heavy Regenerative Plating Graphene Brace Advanced Shield Generator Microwarp Drive > --- WEAPON (4) ------- Sigix Broadsword Sigix Broadsword > --- INVENTORY (5) ---- Protomatter-42 Protomatter-9 Spacefold Activator Peak State ------------ > --- POWER ------------ Zero-point Reactor Zero-point Reactor > --- PROPULSION ------- Combat Gravmag System Combat Antigrav System Experimental Gyrokinetic Inverter Combat Linear Gravjet Combat Linear Gravjet Combat Linear Gravjet Combat Linear Gravjet > --- UTILITY ---------- Experimental Core Analyzer Femtoactuators Actuator Array Advanced Force Booster Improved Reaction Control System Advanced Phase Shifter Heavy Regenerative Plating Graphene Brace Advanced Shield Generator Microwarp Drive > --- WEAPON ----------- Sigix Broadsword Sigix Broadsword > --- INVENTORY -------- Protomatter Spacefold Activator [Rating: 240] Favorites ----------- Power Light Particle Reactor Engine Light Deuterium Engine Power Core Neutrino Core Reactor Light Particle Reactor Propulsion Improved Airjet Treads Light Treads Hover Unit Improved Airjet Flight Unit Improved Flight Unit Utility Experimental Sensor Array Device Experimental Sensor Array Processor Modified TNC Hackware Relay Coupler [Proto] Protection Powered Armor Artifact Microwarp Drive Weapon Katana Energy Gun EM Pulse Gun Energy Cannon Cooled Particle Cannon Ballistic Gun Autogun Ballistic Cannon Light Cannon Launcher Mini Grenade Launcher Impact Weapon Hammer Slashing Weapon Katana Piercing Weapon Spear Build | -11 -10 -10 -9 -9 -9 -8 -8 -8 -8 -7 -7 -7 -7 -5 -5 -5 -5 -4 -4 -4 -3 -3 -3 -2 -1 -1 ------- Run | Yrd Mat Min Mat Min Exi Min Mat Gar Mat Fac Sto Rec Scr Fac Ext Cet Arc Fac Was Fac Res Qua Sec Res Acc Com Slots Evolved 22 | 3 . . 9 . . . 2 . 2 1 . 1 . 1 1 . . 1 . . 1 . . . . . Power 2 | . . . 1 . . . . . 1 . . . . . . . . . . . . . . . . . Propulsion 6 | 1 . . 3 . . . . . . . . . . 1 . . . . . . 1 . . . . . Utility 11 | 1 . . 3 . . . 2 . 1 1 . 1 . . 1 . . 1 . . . . . . . . Weapon 3 | 1 . . 2 . . . . . . . . . . . . . . . . . . . . . . . Parts Attached 393 | 6 10 4 29 3 2 5 21 3 13 21 13 7 6 28 11 3 . 19 10 56 26 30 15 8 15 29 Power 58 | 2 1 . 3 3 . . 3 . 6 5 2 . . 5 1 1 . 3 . 8 7 3 . 3 . 2 Engine 22 | 2 1 . 3 2 . . 2 . 5 2 . . . 3 . 1 . . . . 1 . . . . . Core 22 | . . . . 1 . . 1 . 1 3 2 . . 2 1 . . 2 . 8 1 . . . . . Reactor 14 | . . . . . . . . . . . . . . . . . . 1 . . 5 3 . 3 . 2 Propulsion 70 | 2 3 . 7 . . . 7 . 1 7 3 . . 10 2 . . 3 2 9 5 . 2 . 7 . Treads 2 | 2 . . . . . . . . . . . . . . . . . . . . . . . . . . Leg . | . . . . . . . . . . . . . . . . . . . . . . . . . . . Wheel . | . . . . . . . . . . . . . . . . . . . . . . . . . . . Hover 65 | . 3 . 6 . . . 7 . 1 7 2 . . 10 2 . . 3 2 8 5 . 2 . 7 . Flight 3 | . . . 1 . . . . . . . 1 . . . . . . . . 1 . . . . . . Utility 196 | . 5 4 10 . . . 8 1 4 5 4 7 6 10 6 2 . 12 8 31 14 13 11 3 8 24 Device 130 | . . 2 4 . . . 2 . 3 3 2 4 1 9 6 1 . 10 8 26 10 8 6 3 6 16 Storage . | . . . . . . . . . . . . . . . . . . . . . . . . . . . Processor 14 | . 1 . . . . . 2 . . . . . . . . . . 2 . 2 . 1 2 . 2 2 Hackware 9 | . . . . . . . . . . . . 3 5 1 . . . . . . . . . . . . Protection 38 | . 4 2 6 . . . 4 1 1 2 2 . . . . 1 . . . 3 4 4 . . . 4 Artifact 5 | . . . . . . . . . . . . . . . . . . . . . . . 3 . . 2 Weapon 69 | 2 1 . 9 . 2 5 3 2 2 4 4 . . 3 2 . . 1 . 8 . 14 2 2 . 3 Energy Gun 2 | 1 . . . . . . . . . . 1 . . . . . . . . . . . . . . . Energy Cannon 1 | . . . . . . . . . . . 1 . . . . . . . . . . . . . . . Ballistic Gun 5 | 1 . . 4 . . . . . . . . . . . . . . . . . . . . . . . Ballistic Cannon 1 | . 1 . . . . . . . . . . . . . . . . . . . . . . . . . Launcher 16 | . . . . . 1 2 . 1 . 1 . . . 1 1 . . . . 4 . 2 . 1 . 2 Special Weapon . | . . . . . . . . . . . . . . . . . . . . . . . . . . . Impact Weapon 8 | . . . 4 . . 2 . . . . 1 . . . . . . . . . . 1 . . . . Slashing Weapon 22 | . . . 1 . 1 1 3 1 2 2 . . . 1 . . . 1 . . . 6 1 1 . 1 Piercing Weapon 14 | . . . . . . . . . . 1 1 . . 1 1 . . . . 4 . 5 1 . . . Special Melee Weapon . | . . . . . . . . . . . . . . . . . . . . . . . . . . . Unidentified Prototypes 49 | . . 1 2 . . . 1 . . 2 2 . . 5 . 1 . . 2 5 3 6 4 3 1 11 Corrupted Parts 3 | . . . . . . . . . . . . 3 . . . . . . . . . . . . . . System Corruption 12 | . . . . . . . . . . . . 12 . . . . . . . . . . . . . . Parts Lost 4 | . . . . . . . . . . . . . . . . . . 1 . 1 1 . . 1 . . Power 1 | . . . . . . . . . . . . . . . . . . . . 1 . . . . . . Propulsion . | . . . . . . . . . . . . . . . . . . . . . . . . . . . Utility 3 | . . . . . . . . . . . . . . . . . . 1 . . 1 . . 1 . . Weapon . | . . . . . . . . . . . . . . . . . . . . . . . . . . . Highest Loss Streak 1 | . . . . . . . . . . . . . . . . . . 1 . 1 1 . . 1 . . To Critical Strikes . | . . . . . . . . . . . . . . . . . . . . . . . . . . . Average Slot Usage (%) 96 | . 90 100 99 100 100 100 99 100 99 100 99 100 100 99 94 95 95 95 96 98 99 96 91 91 91 87 Engine 4 | . 14 14 10 12 12 12 6 5 8 7 4 4 4 4 4 4 4 4 4 . . . . . . . Core 3 | . . . . . . . 3 5 5 5 8 9 9 7 7 8 8 8 8 11 4 . . . . . Reactor 3 | . . . . . . . . . . . . . . . . . . . . . 6 11 11 11 11 9 Hover 24 | . 13 28 25 31 31 31 27 27 25 23 22 22 22 25 20 20 20 20 20 23 25 26 26 26 25 26 Device 28 | . . . 12 18 18 18 21 22 23 27 27 29 30 29 32 33 33 36 39 38 38 37 37 37 37 34 Processor 6 | . 10 14 10 6 6 6 11 11 10 9 9 9 9 8 8 8 8 8 8 6 3 3 3 3 3 2 Protection 4 | . 9 13 10 6 6 6 4 5 5 4 3 4 4 4 4 4 4 3 . 2 3 2 3 3 3 3 Ballistic Gun 2 | . 14 14 12 . . . . . . . . . . . . . . . . . . . . . . . Impact Weapon 2 | . . . 11 18 18 17 1 . . . . 4 4 4 4 4 4 2 . . . . . . . . Slashing Weapon 7 | . . . 3 6 5 3 20 21 20 16 13 9 9 6 4 4 4 6 8 8 7 5 7 6 7 6 Piercing Weapon 3 | . . . . . . . . . . 2 4 4 4 5 7 8 8 8 8 7 7 5 . . . . Peak Build Rating 240 | 5 7 15 28 30 29 30 62 64 71 87 90 94 98 114 121 124 123 136 149 157 167 201 218 212 225 240 Average Rating 115 | 3 6 7 18 28 28 28 54 62 66 78 86 91 93 105 117 121 122 131 139 150 157 174 202 209 216 226 On Entrance 96 | . 5 7 8 28 28 28 30 62 64 68 87 90 93 93 114 121 123 123 134 149 150 162 201 211 212 223 Naked Turns . | . . . . . . . . . . . . . . . . . . . . . . . . . . . Heaviest Build 105 | 9 13 11 23 23 23 24 37 38 44 46 46 51 51 60 62 66 66 75 77 92 94 104 102 104 103 105 Greatest Support 115 | 40 40 12 30 30 30 30 45 45 45 50 50 50 50 67 72 72 72 77 80 83 100 105 105 105 115 115 Greatest Overweight (x) 5 | 1 2 . 2 . . . 1 . 1 . 1 1 1 1 1 . . 1 1 5 1 1 1 . 1 . Average Overweight (x) . | . . . . . . . . . . . . . . . . . . . . . . . . . . . Largest Inventory Capacity 5 | 3 3 3 3 3 3 3 3 3 3 3 3 3 3 3 3 3 3 3 3 4 4 4 4 4 4 5 Average Capacity 3 | 2 3 3 3 3 3 3 3 3 3 3 3 3 3 3 3 3 3 3 3 3 4 4 4 4 4 4 Most Carried 5 | 3 3 3 3 3 3 3 3 3 3 3 3 3 3 3 3 3 3 3 3 4 4 4 4 4 4 5 Average Carried 2 | 1 2 2 2 2 2 2 2 2 2 2 2 2 3 3 2 3 2 2 2 3 2 2 3 3 4 3 Final Capacity 5 | 3 3 3 3 3 3 3 3 3 3 3 3 3 3 3 3 3 3 3 3 4 4 4 4 4 4 5 Final Carried 4 | 1 3 3 2 3 3 2 2 3 3 3 3 3 3 3 3 3 3 3 3 3 3 1 4 4 4 3 Class Distribution -------------------- 29% | Hacker-Ninja 17% | Scavenger-Scout 17% | Scavenger-Ninja 12% | Mutant 7% | Hacker-Gladiator 5% | Scavenger-Gladiator 5% | Gladiator 3% | Hacker-Scout Dominant Class ---------------- Mutant | -10/Materials Mutant | -10/Mines Mutant | -9/Materials Scavenger-Scout | -9/Mines Scavenger-Scout | -9/Exiles Scavenger-Scout | -8/Mines Scavenger-Scout | -8/Materials Scavenger-Scout | -8/Garrison Scavenger-Scout | -8/Materials Scavenger-Scout | -7/Factory Scavenger-Scout | -7/Storage Scavenger-Gladiator | -7/Recycling Scavenger-Gladiator | -7/Scraptown Hacker-Ninja | -5/Factory Scavenger-Ninja | -5/Extension Scavenger-Ninja | -5/Cetus Scavenger-Ninja | -5/Archives Scavenger-Ninja | -4/Factory Scavenger-Ninja | -4/Waste Hacker-Ninja | -4/Factory Scavenger-Ninja | -3/Research Hacker-Ninja | -3/Quarantine Hacker-Ninja | -3/Section 7 Hacker-Ninja | -2/Research Hacker-Ninja | -1/Access Hacker-Ninja | -1/Command Resources | -11 -10 -10 -9 -9 -9 -8 -8 -8 -8 -7 -7 -7 -7 -5 -5 -5 -5 -4 -4 -4 -3 -3 -3 -2 -1 -1 ----------- Run | Yrd Mat Min Mat Min Exi Min Mat Gar Mat Fac Sto Rec Scr Fac Ext Cet Arc Fac Was Fac Res Qua Sec Res Acc Com Matter Collected 6281 | 183 400 . 1018 53 . 200 165 115 130 210 151 95 . 458 182 91 79 103 177 672 389 567 202 95 143 403 Remotely . | . . . . . . . . . . . . . . . . . . . . . . . . . . . Salvage Created 22214 | . 478 . 1708 241 . 187 640 560 750 1153 1240 1762 . 1801 1638 360 242 269 263 2204 1854 1135 437 1658 441 1193 Parts 1270 | . 39 . 118 24 . 21 36 34 47 57 56 32 . 77 55 16 13 24 12 149 118 92 30 111 24 85 Haulers Intercepted 13 | . 1 . 4 . . . 1 . . 1 . 2 . 3 . . . . . . 1 . . . . . Recyclers Shooed 2 | . . . . . . 1 . . . . . . . . 1 . . . . . . . . . . . Parts Field Recycled . | . . . . . . . . . . . . . . . . . . . . . . . . . . . Retrieved Matter . | . . . . . . . . . . . . . . . . . . . . . . . . . . . Parts Self-Destructed . | . . . . . . . . . . . . . . . . . . . . . . . . . . . Prevented . | . . . . . . . . . . . . . . . . . . . . . . . . . . . Kills | -11 -10 -10 -9 -9 -9 -8 -8 -8 -8 -7 -7 -7 -7 -5 -5 -5 -5 -4 -4 -4 -3 -3 -3 -2 -1 -1 ------- Run | Yrd Mat Min Mat Min Exi Min Mat Gar Mat Fac Sto Rec Scr Fac Ext Cet Arc Fac Was Fac Res Qua Sec Res Acc Com Combat Hostiles Destroyed 393 | . 13 . 36 12 . 11 15 15 15 19 24 17 . 25 21 6 4 5 . 43 33 20 5 26 7 21 Melee 309 | . . . 9 11 . . 14 10 15 19 21 11 . 17 19 4 3 5 . 39 33 20 5 26 7 21 Guns 33 | . 7 . 26 . . . . . . . . . . . . . . . . . . . . . . . Cannons 5 | . 5 . . . . . . . . . . . . . . . . . . . . . . . . . AOE 21 | . 1 . . . . 11 . 5 . . . . . . . . . . . 4 . . . . . . Classes Destroyed 20 | . 5 . 5 1 . . . 3 . . 1 2 . . . . . . . 1 . 1 . . . 1 Worker 10 | . 1 . 2 . . . . . . . 1 1 . 1 . . . . . 3 . . . . . 1 Builder 6 | . . . 3 . . . 1 . . . . 1 . . . . . . . 1 . . . . . . Hauler 13 | . 1 . 4 . . . 1 . . 1 . 2 . 3 . . . . . . 1 . . . . . Recycler 5 | . . . . . . . . . . . . 1 . . 3 . . . . 1 . . . . . . Mechanic 1 | . . . . . . . . . . . 1 . . . . . . . . . . . . . . . Operator 8 | . . . 1 . . . . . 1 2 . . . 2 1 . . . . . 1 . . . . . Watcher 29 | . 1 . 4 . . . 3 . 2 4 2 . . 6 . 1 . 1 . 3 . 1 . . 1 . Swarmer 54 | . 3 . 6 . . 11 8 3 4 . . 2 . . . . . . . 7 7 1 . . 2 . Saboteur 1 | . . . . . . . . . . . . . . . . . . . . 1 . . . . . . Grunt 108 | . 10 . 20 11 . . 2 3 . 9 10 2 . 7 4 3 . 2 . 8 12 4 1 . . . Brawler 7 | . . . 1 . . . . . . . . . . 1 . . . . . 3 1 1 . . . . Duelist 8 | . . . 1 . . . 1 . . 1 . 2 . . . . . . . 2 . 1 . . . . Protector 5 | . . . . . . . . . . . . 4 . . . . . . . . 1 . . . . . Researcher 3 | . . . . . . . . . . . . . . . . . . . . . . 1 2 . . . Sentry 78 | . . . 8 . . . 4 5 9 5 10 5 . 6 5 . 4 1 . 6 1 . 2 3 3 1 Specialist 1 | . . . . . . . . 1 . . . . . . . . . . . . . . . . . . Hunter 25 | . . . . . . . . . 2 2 1 2 . 3 2 . . 2 . 3 2 . . 6 . . Programmer 74 | . . . . . . . . 1 . 2 3 . . 8 . . . . . 13 9 13 1 17 2 5 Cetus Guard 3 | . . . . . . . . . . . . . . . . 3 . . . . . . . . . . S7 Guard 1 | . . . . . . . . . . . . . . . . . . . . . . . 1 . . . Enhanced Q-Series 14 | . . . . . . . . . . . . . . . . . . . . . . . . . . 14 Assembled 1 | . . . . 1 . . . . . . . . . . . . . . . . . . . . . . Thug 2 | . . . . . . . . . . . . . . . 2 . . . . . . . . . . . Savage 2 | . . . . . . . . . . . . . . . 2 . . . . . . . . . . . Butcher 2 | . . . . . . . . . . . . . . . 2 . . . . . . . . . . . Guerrilla 6 | . . . . . . . . 2 . . . . . . 4 . . . . . . . . . . . Best Kill Streak 11 | . 4 . 6 3 . 6 4 9 3 4 5 11 . 6 6 3 4 3 . 6 4 4 3 3 2 8 Combat Bots Only 9 | . 3 . 4 3 . 6 4 9 3 4 4 8 . 5 6 3 4 3 . 5 4 4 1 3 2 8 Max Kills in Single Turn 3 | . 2 . 1 1 . 3 1 2 1 1 1 2 . 1 2 2 1 1 . 2 1 1 1 2 1 1 Gunslinging . | . . . . . . . . . . . . . . . . . . . . . . . . . . . Exploded 3 | . 1 . . . . 3 . 2 . . . . . . . . . . . 2 . . . . . . Melee 2 | . . . 1 1 . . 1 1 1 1 1 2 . 1 2 2 1 1 . 1 1 1 1 2 1 1 Uniques/NPCs Destroyed 1 | . . . . . . . . . . . . . . . . . . . . . . . . . . 1 MAIN.C Shell (-1/Command) Combat | -11 -10 -10 -9 -9 -9 -8 -8 -8 -8 -7 -7 -7 -7 -5 -5 -5 -5 -4 -4 -4 -3 -3 -3 -2 -1 -1 -------- Run | Yrd Mat Min Mat Min Exi Min Mat Gar Mat Fac Sto Rec Scr Fac Ext Cet Arc Fac Was Fac Res Qua Sec Res Acc Com Hostile Shots Fired 2369 | . 61 . 161 51 . 14 84 89 69 137 296 46 . 157 51 69 51 31 . 202 211 162 34 113 22 258 Missed 1080 | . 20 . 43 19 . 7 26 28 34 67 140 27 . 63 22 33 29 9 . 81 91 81 25 71 11 153 Damage Taken 20999 | . 523 . 1340 314 . 56 808 557 300 586 1512 105 . 1523 518 807 434 294 . 2271 1934 1531 270 890 205 4221 Core 14813 | . 353 . 954 218 . 36 607 378 218 416 1031 72 . 1056 347 496 286 179 . 1618 1264 1084 206 657 139 3198 Absorbed by Shields 6243 | . . . 248 86 . 23 152 181 118 237 436 49 . 499 185 143 155 111 . 837 625 544 65 319 73 1157 Redirected to Core 12411 | . 322 . 690 170 . 29 501 296 173 344 869 69 . 979 316 452 286 154 . 1398 1169 938 116 578 122 2440 Ignored by Resistances 341 | . . . . . . . . . . . . . . . . . . . . . . . . . . 341 Regen/Repaired (Parts) 1110 | . . . 43 . . . 13 . 57 . 124 . . 36 . . . . . 210 . 110 4 58 7 448 Core Remaining (%) 92 | 100 . 100 . . . 100 . . 99 . . . 100 . . . 97 . . 78 . . 87 84 . 75 Volleys Fired 166 | . 45 . 89 . 2 11 . 4 . . . . . . 7 . . . . 6 . . . . . 2 Largest 2 | . 2 . 2 . 1 1 . 1 . . . . . . 1 . . . . 1 . . . . . 1 Hottest 60 | . 60 . 55 . 30 30 . 30 . . . . . . 30 . . . . 30 . . . . . 30 Shots Fired 300 | . 90 . 178 . 2 11 . 4 . . . . . . 7 . . . . 6 . . . . . 2 Gun 245 | . 68 . 177 . . . . . . . . . . . . . . . . . . . . . . . Cannon 23 | . 22 . 1 . . . . . . . . . . . . . . . . . . . . . . . Launcher 32 | . . . . . 2 11 . 4 . . . . . . 7 . . . . 6 . . . . . 2 Special . | . . . . . . . . . . . . . . . . . . . . . . . . . . . Kinetic 245 | . 67 . 178 . . . . . . . . . . . . . . . . . . . . . . . Thermal . | . . . . . . . . . . . . . . . . . . . . . . . . . . . Explosive 32 | . . . . . 2 11 . 4 . . . . . . 7 . . . . 6 . . . . . 2 Electromagnetic 23 | . 23 . . . . . . . . . . . . . . . . . . . . . . . . . Robot Hit Streak 10 | . 6 . 10 . . . . . . . . . . . . . . . . 3 . . . . . . Robot Miss Streak 4 | . 4 . 3 . . . . . . . . . . . . . . . . . . . . . . . Penetration Max . | . . . . . . . . . . . . . . . . . . . . . . . . . . . Secondary Targets 6 | . 1 . 5 . . . . . . . . . . . . . . . . . . . . . . . Max Gunslinging Chain 1 | . 1 . 1 . . . . . . . . . . . . . . . . . . . . . . . Shots Hit Robots 1459 | . 51 . 160 26 . 3 54 23 42 73 104 59 . 126 62 31 17 23 20 144 121 81 17 56 22 144 Core Hits 586 | . 25 . 62 11 . 14 16 19 18 33 36 16 . 34 31 11 8 12 7 73 56 25 7 25 7 40 Critical Kills 5 | . . . 1 . . . . . . . 1 2 . 1 . . . . . . . . . . . . Critical Parts Destroyed 43 | . . . 3 2 . . 2 . . . 3 10 . 18 1 2 2 . . . . . . . . . Critical Strikes 166 | . 1 . 6 5 . . 3 3 7 10 9 15 . 31 11 3 2 2 2 12 11 7 . 4 4 18 Destroy 2 | . . . 2 . . . . . . . . . . . . . . . . . . . . . . . Blast 1 | . 1 . . . . . . . . . . . . . . . . . . . . . . . . . Smash 47 | . . . 2 2 . . 2 . . . 4 12 . 20 1 2 2 . . . . . . . . . Sever 76 | . . . 2 3 . . 1 3 7 7 4 2 . 6 2 . . 2 . 5 3 3 . 4 4 18 Impale 40 | . . . . . . . . . . 3 1 1 . 5 8 1 . . 2 7 8 4 . . . . Melee Attacks 2127 | . . . 59 47 . 4 99 47 96 166 155 79 . 242 92 41 24 55 26 240 178 130 30 79 58 180 Impact 208 | . . . 17 14 . 1 9 . . . 18 43 . 88 5 8 3 2 . . . . . . . . Slashing 1153 | . . . 42 33 . 3 90 47 96 118 46 27 . 56 16 5 4 16 7 79 58 63 30 79 58 180 Piercing 766 | . . . . . . . . . . 48 91 9 . 98 71 28 17 37 19 161 120 67 . . . . Sneak Attacks 108 | . . . 9 . . . 5 3 2 6 4 26 . 13 22 . . . . 9 7 . 2 . . . Combat Hostiles 44 | . . . . . . . . . 2 2 . 21 . 8 2 . . . . 4 5 . . . . . Follow-up Attacks 514 | . . . 13 6 . . 19 9 23 30 37 20 . 67 25 13 9 17 8 70 59 43 2 10 5 29 Damage Inflicted 77698 | . 873 . 3401 907 . 749 1741 1245 1597 2782 3676 4878 . 6162 3301 1314 641 855 931 6701 5359 5076 2468 5706 2218 15117 Guns 2337 | . 473 . 1864 . . . . . . . . . . . . . . . . . . . . . . . Cannons 280 | . 280 . . . . . . . . . . . . . . . . . . . . . . . . . Explosions 1519 | . 120 . . . . 553 . 378 . . . . . . 96 . . . . 341 . . . . . 31 Melee 73436 | . . . 1537 907 . 196 1741 867 1597 2782 3676 4878 . 6162 3114 1314 641 855 931 6325 5359 5076 2468 5706 2218 15086 Ramming 126 | . . . . . . . . . . . . . . . 91 . . . . 35 . . . . . . Kinetic 2409 | . 545 . 1864 . . . . . . . . . . . . . . . . . . . . . . . Thermal 120 | . 120 . . . . . . . . . . . . . . . . . . . . . . . . . Explosive 1399 | . . . . . . 553 . 378 . . . . . . 96 . . . . 341 . . . . . 31 Electromagnetic 208 | . 208 . . . . . . . . . . . . . . . . . . . . . . . . . Impact 8342 | . . . 300 152 . . 109 . . . 346 3998 . 2847 253 262 75 . . . . . . . . . Slashing 44369 | . . . 1237 755 . 196 1632 867 1597 2027 1100 730 . 1080 384 128 133 252 262 1920 1419 3172 2468 5706 2218 15086 Piercing 20725 | . . . . . . . . . . 755 2230 150 . 2235 2477 924 433 603 669 4405 3940 1904 . . . . Highest Corruption 26 | . . . . . . . . . . 1 7 19 . 13 13 13 13 . . 11 11 25 26 2 1 2 Average Corruption 9 | . . . . . . . . . . 1 4 12 . 10 13 13 13 . . 6 6 19 25 1 1 1 Corruption Purged 7 | . . . . . . . . . . . . . . . . . . . . 5 . . . . . 2 Corruption Blocked . | . . . . . . . . . . . . . . . . . . . . . . . . . . . Effects 455 | . . . . . . . . . . 2 16 16 . 61 33 8 33 . . 63 46 132 19 9 6 11 Message Errors 113 | . . . . . . . . . . . 2 5 . 13 5 1 6 . . 19 16 36 5 1 1 3 Matter Fused 111 | . . . . . . . . . . . 3 4 . 16 3 5 11 . . 12 8 38 1 4 2 4 Heat Flow Errors 38 | . . . . . . . . . . . 2 1 . 4 5 . 4 . . 4 3 11 2 1 1 . Energy Discharges 77 | . . . . . . . . . . . 2 3 . 13 6 . 4 . . 10 9 22 5 1 2 . Parts Rejected 3 | . . . . . . . . . . . . . . . 1 . . . . 1 . 1 . . . . Parts Fused 4 | . . . . . . . . . . . 1 1 . 1 . . . . . 1 . . . . . . Data Loss (minor) 55 | . . . . . . . . . . . 2 1 . 10 5 2 3 . . 10 7 8 3 . . 4 Data Loss (major) 29 | . . . . . . . . . . 2 4 . . 1 3 . 2 . . 3 2 10 . 2 . . Alerts 14 | . . . . . . . . . . . . 1 . 2 1 . 1 . . 3 1 5 . . . . Misdirections 11 | . . . . . . . . . . . . . . 1 4 . 2 . . . . 1 3 . . . Overload Shots . | . . . . . . . . . . . . . . . . . . . . . . . . . . . Overflow Damage 10402 | . . . 182 180 . 61 195 . 18 290 351 2554 . 1440 317 136 75 31 23 434 208 1044 638 839 389 997 Projectiles 58 | . . . . . . . . . . . 58 . . . . . . . . . . . . . . . Explosions 61 | . . . . . . 48 . . . . . . . . . . . . . 13 . . . . . . Melee 10283 | . . . 182 180 . 13 195 . 18 290 293 2554 . 1440 317 136 75 31 23 421 208 1044 638 839 389 997 Knockbacks 30 | . 4 . 2 2 . . . . . . 2 7 . 11 1 . . . . 1 . . . . . . Impact 25 | . . . 2 2 . . . . . . 1 7 . 11 1 . . . . 1 . . . . . . Kinetic 4 | . 4 . . . . . . . . . . . . . . . . . . . . . . . . . Secondary 1 | . . . . . . . . . . . 1 . . . . . . . . . . . . . . . Self-Inflicted Damage 305 | . 24 . 40 . . 22 . 1 . . . . . . 84 . . . . 79 . . . . . 55 Shots 11 | . 2 . 2 . . 1 . 1 . . . . . . 1 . . . . 3 . . . . . 1 Rammed 2 | . . . . . . . . . . . . . . . 1 . . . . 1 . . . . . . Targets Rammed 2 | . . . . . . . . . . . . . . . 1 . . . . 1 . . . . . . Kicked . | . . . . . . . . . . . . . . . . . . . . . . . . . . . Crushed . | . . . . . . . . . . . . . . . . . . . . . . . . . . . Highest Temperature 305 | . 150 . 230 193 3 3 14 29 71 3 221 134 . 281 213 1 275 2 165 284 290 256 305 245 294 4 Average Temperature 57 | . 38 . 61 84 2 2 12 4 11 3 89 67 . 98 98 1 100 1 93 70 65 44 56 14 30 4 Received Heat Transfer 3056 | . 225 . 442 180 . . 213 145 62 148 371 12 . 175 120 165 54 79 . 127 106 42 18 42 12 318 Effects 10 | . . . . . . . . . . . . . . 4 . . 1 . . 4 . . . . 1 . Energy Bleed 5 | . . . . . . . . . . . . . . 1 . . 1 . . 2 . . . . 1 . Interference 5 | . . . . . . . . . . . . . . 3 . . . . . 2 . . . . . . Siege Activations . | . . . . . . . . . . . . . . . . . . . . . . . . . . . Robots Corrupted 33 | . . . 2 1 . . 1 . . . 3 10 . 11 2 2 1 . . . . . . . . . Combat Hostiles 27 | . . . 1 1 . . 1 . . . 3 9 . 8 1 2 1 . . . . . . . . . Parts Fried 54 | . . . 3 1 . . 2 . . . 4 18 . 14 4 2 2 . . . . . . . . 4 Impact Corruptions 122 | . . . 2 4 . . 2 . . . 7 61 . 37 3 4 2 . . . . . . . . . Robots Melted . | . . . . . . . . . . . . . . . . . . . . . . . . . . . Combat Hostiles . | . . . . . . . . . . . . . . . . . . . . . . . . . . . Parts Melted 1 | . . . . . . . . . . . . . . . . . . . . 1 . . . . . . Heat Transferred 150 | . 150 . . . . . . . . . . . . . . . . . . . . . . . . . Parts Sabotaged . | . . . . . . . . . . . . . . . . . . . . . . . . . . . Parts Stolen . | . . . . . . . . . . . . . . . . . . . . . . . . . . . Parts Stripped . | . . . . . . . . . . . . . . . . . . . . . . . . . . . Power Chain Reactions 2 | . 2 . . . . . . . . . . . . . . . . . . . . . . . . . Alert | -11 -10 -10 -9 -9 -9 -8 -8 -8 -8 -7 -7 -7 -7 -5 -5 -5 -5 -4 -4 -4 -3 -3 -3 -2 -1 -1 ------- Run | Yrd Mat Min Mat Min Exi Min Mat Gar Mat Fac Sto Rec Scr Fac Ext Cet Arc Fac Was Fac Res Qua Sec Res Acc Com Peak Influence 1048 | . 222 53 464 415 . 438 586 734 495 498 769 596 . 462 711 558 363 117 35 1048 807 545 590 445 411 388 Initial 549 | . . 53 20 165 . . 170 221 357 224 160 299 . . 208 397 223 4 35 24 549 453 250 331 184 147 Average 314 | . 120 53 225 288 . 258 371 458 339 311 481 463 . 201 380 478 248 47 35 480 512 333 383 331 287 232 Maximum Alert Level 3 | . 1 . 2 2 . 2 2 3 2 2 3 2 . 2 3 2 1 . . 3 3 2 2 2 2 1 Low Security (%) 29 | 100 84 100 45 12 . 42 3 . 3 5 . . . 48 . . 52 100 100 34 . 13 . 2 10 68 Level 1 45 | . 15 . 41 71 . 14 62 59 77 82 26 28 . 34 57 10 47 . . 20 20 61 52 84 85 31 Level 2 21 | . . . 12 16 . 42 34 28 18 11 68 71 . 16 37 89 . . . 12 70 25 47 12 3 . Level 3 4 | . . . . . . . . 11 . . 3 . . . 5 . . . . 33 9 . . . . . Level 4 . | . . . . . . . . . . . . . . . . . . . . . . . . . . . Level 5 . | . . . . . . . . . . . . . . . . . . . . . . . . . . . High Security . | . . . . . . . . . . . . . . . . . . . . . . . . . . . Max Security . | . . . . . . . . . . . . . . . . . . . . . . . . . . . Squads Dispatched 93 | . 5 . 6 . . . . . 3 2 10 . . 6 3 1 . 3 . 15 10 9 2 10 5 3 Investigation 27 | . 2 . 2 . . . . . 2 1 3 . . 3 1 1 . 3 . 4 1 1 1 2 . . Extermination 35 | . . . . . . . . . . 1 3 . . 3 . . . . . 5 4 7 . 8 2 2 Reinforcement 17 | . 3 . 4 . . . . . 1 . . . . . 1 . . . . 2 1 1 . . 3 1 Assault 10 | . . . . . . . . . . . . . . . 1 . . . . 4 4 . 1 . . . Garrison 4 | . . . . . . . . . . . 4 . . . . . . . . . . . . . . . Intercept . | . . . . . . . . . . . . . . . . . . . . . . . . . . . Searches Triggered . | . . . . . . . . . . . . . . . . . . . . . . . . . . . Construction Impeded 1 | . . . 1 . . . . . . . . . . . . . . . . . . . . . . . Haulers Reinforced 1 | . . . . . . . . . . . . . . . . . . . . . 1 . . . . . Active Scanning Responses . | . . . . . . . . . . . . . . . . . . . . . . . . . . . Cargo Convoy Interrupts . | . . . . . . . . . . . . . . . . . . . . . . . . . . . Stealth | -11 -10 -10 -9 -9 -9 -8 -8 -8 -8 -7 -7 -7 -7 -5 -5 -5 -5 -4 -4 -4 -3 -3 -3 -2 -1 -1 --------- Run | Yrd Mat Min Mat Min Exi Min Mat Gar Mat Fac Sto Rec Scr Fac Ext Cet Arc Fac Was Fac Res Qua Sec Res Acc Com Distress Signals 44 | . 2 . 2 . . . 1 . 2 1 2 . . 1 2 1 . . . 1 . 1 . 1 . 27 Communications Jammed 140 | . . . . . . . . . . . . . . 2 9 37 . . . 26 44 . 18 . 4 . Distress Signals 139 | . . . . . . . . . . . . . . 2 9 37 . . . 26 43 . 18 . 4 . Times Spotted 585 | . 24 . 52 13 . 12 19 14 29 37 31 5 . 42 15 8 4 9 . 67 52 31 14 29 15 63 Peak Tracking Total 11 | . 5 . 5 3 9 4 8 9 5 7 5 1 . 5 9 5 3 2 . 5 7 5 10 3 3 11 Tactical Retreats 49 | . 1 . 3 2 . 1 2 2 4 1 2 . . 6 1 . . 1 . 10 6 3 2 . 2 . Traps | -11 -10 -10 -9 -9 -9 -8 -8 -8 -8 -7 -7 -7 -7 -5 -5 -5 -5 -4 -4 -4 -3 -3 -3 -2 -1 -1 ------- Run | Yrd Mat Min Mat Min Exi Min Mat Gar Mat Fac Sto Rec Scr Fac Ext Cet Arc Fac Was Fac Res Qua Sec Res Acc Com Traps Triggered 25 | . 2 . 1 . . . 2 4 1 . . . . 3 4 . . 1 . 2 1 1 . 1 1 1 Indirectly . | . . . . . . . . . . . . . . . . . . . . . . . . . . . Trap Hack Attempts . | . . . . . . . . . . . . . . . . . . . . . . . . . . . Triggered . | . . . . . . . . . . . . . . . . . . . . . . . . . . . Disarmed . | . . . . . . . . . . . . . . . . . . . . . . . . . . . Reprogrammed . | . . . . . . . . . . . . . . . . . . . . . . . . . . . Reused . | . . . . . . . . . . . . . . . . . . . . . . . . . . . Traps Extracted . | . . . . . . . . . . . . . . . . . . . . . . . . . . . Installed . | . . . . . . . . . . . . . . . . . . . . . . . . . . . Triggered 3 | . . . . . . . . . . . . . . 1 . . . . . . . . . . . 2 Machines | -11 -10 -10 -9 -9 -9 -8 -8 -8 -8 -7 -7 -7 -7 -5 -5 -5 -5 -4 -4 -4 -3 -3 -3 -2 -1 -1 ---------- Run | Yrd Mat Min Mat Min Exi Min Mat Gar Mat Fac Sto Rec Scr Fac Ext Cet Arc Fac Was Fac Res Qua Sec Res Acc Com Machines Disabled 20 | . 2 . 4 . 1 3 . 1 . . . . . . . . . . . 1 . 3 3 . . 2 Max in Single Turn 2 | . 1 . 2 . 1 1 . 1 . . . . . . . . . . . 1 . 1 1 . . 2 Garrison Access 17 | . . . . . . . . . 1 4 1 . . 3 . . . 1 . 2 2 1 . . 2 . Garrison Relay 1 | . . . . . . . . 1 . . . . . . . . . . . . . . . . . . Phase Generator 1 | . . . . . . . . . . . . . . . . . . . . . . . . . . 1 Machines Repaired . | . . . . . . . . . . . . . . . . . . . . . . . . . . . Machines Dismantled . | . . . . . . . . . . . . . . . . . . . . . . . . . . . Machines Sabotaged . | . . . . . . . . . . . . . . . . . . . . . . . . . . . Overloaded Fab Kills . | . . . . . . . . . . . . . . . . . . . . . . . . . . . Hacking | -11 -10 -10 -9 -9 -9 -8 -8 -8 -8 -7 -7 -7 -7 -5 -5 -5 -5 -4 -4 -4 -3 -3 -3 -2 -1 -1 --------- Run | Yrd Mat Min Mat Min Exi Min Mat Gar Mat Fac Sto Rec Scr Fac Ext Cet Arc Fac Was Fac Res Qua Sec Res Acc Com Machines Accessed 148 | . 7 . 13 . 1 . 10 1 11 12 10 5 2 15 3 3 . 6 . 18 7 9 1 5 9 . Terminals 99 | . 7 . 9 . . . 7 1 9 5 7 3 . 7 3 3 . 5 . 11 5 6 1 4 6 . Fabricators 10 | . . . . . . . . . . 3 . . . 4 . . . . . 1 . . . 1 1 . Repair Stations 12 | . . . 2 . . . 1 . 1 . 2 . . 1 . . . . . 3 . 2 . . . . Recycling Units 2 | . . . 1 . . . 1 . . . . . . . . . . . . . . . . . . . Scanalyzers 2 | . . . 1 . . . . . . . . . . . . . . . . 1 . . . . . . Garrison Access 18 | . . . . . . . 1 . 1 4 1 . . 3 . . . 1 . 2 2 1 . . 2 . Total Hacks 416 | . 21 . 42 . 1 . 29 2 32 25 31 33 19 28 7 9 . 16 . 55 15 23 4 9 15 . Successful 227 | . 9 . 28 . 1 . 15 1 14 14 8 28 19 16 2 6 . 6 . 30 8 9 2 5 6 . Failed 189 | . 12 . 14 . . . 14 1 18 11 23 5 . 12 5 3 . 10 . 25 7 14 2 4 9 . Catastrophic 47 | . 2 . 2 . . . 3 . 8 3 3 . . 3 1 1 . 2 . 8 3 2 1 3 2 . Database Lockouts . | . . . . . . . . . . . . . . . . . . . . . . . . . . . Manual 172 | . 20 . 26 . 1 . 24 . 18 10 10 9 . . . . . 11 . 18 7 8 . 5 5 . Terminals 261 | . 21 . 26 . . . 25 2 23 16 19 9 . 12 7 9 . 15 . 26 13 16 4 7 11 . Fabricators 22 | . . . . . . . . . . 5 . . . 9 . . . . . 4 . . . 2 2 . Repair Stations 62 | . . . 10 . . . 2 . 8 . 11 . . 4 . . . . . 21 . 6 . . . . Recycling Units 4 | . . . 3 . . . 1 . . . . . . . . . . . . . . . . . . . Scanalyzers 5 | . . . 3 . . . . . . . . . . . . . . . . 2 . . . . . . Garrison Access 18 | . . . . . . . 1 . 1 4 1 . . 3 . . . 1 . 2 2 1 . . 2 . Terminal Hacks 109 | . 2 . 7 . 1 . 3 1 6 8 3 24 19 6 2 6 . 3 . 3 3 4 2 3 3 . Record 51 | . . . . . . . . . . . . 24 19 . . 5 . . . . 1 2 . . . . Part Schematic 1 | . . . . . . . . . . . . . . . . . . 1 . . . . . . . . Robot Analysis 4 | . . . . . . . . . . . . . . 1 . . . . . . . . 2 1 . . Prototype ID Bank 2 | . . . . . . . . . 1 1 . . . . . . . . . . . . . . . . Open Door 9 | . . . . . . . . . . . 2 . . 2 1 1 . . . . . . . . 3 . Open DSF 2 | . . . . . . . . . . . . . . . . . . 1 . . . . . 1 . . Branch Access Points 5 | . . . . . . . . . 1 1 1 . . . . . . . . 1 1 . . . . . Emergency Access Points 1 | . . . . . . . . 1 . . . . . . . . . . . . . . . . . . Machine Index 1 | . . . . . . . . . . . . . . . . . . . . 1 . . . . . . Terminal Index 9 | . 1 . 1 . . . 2 . . 2 . . . 1 . . . 1 . . . 1 . . . . Alert Level 6 | . 1 . 3 . . . 1 . . . . . . . 1 . . . . . . . . . . . Unreport Threat 11 | . . . 2 . . . . . 2 2 . . . 2 . . . . . 1 1 . . 1 . . Maintenance Status 1 | . . . . . . . . . . 1 . . . . . . . . . . . . . . . . Hauler Manifests 2 | . . . 1 . . . . . . . . . . . . . . . . . . 1 . . . . Registered Components 1 | . . . . . . . . . 1 . . . . . . . . . . . . . . . . . Registered Prototypes 1 | . . . . . . . . . 1 . . . . . . . . . . . . . . . . . Zone Layout 1 | . . . . . . . . . . 1 . . . . . . . . . . . . . . . . Derelict Proto ID Bank 1 | . . . . . 1 . . . . . . . . . . . . . . . . . . . . . Fabricator Hacks 11 | . . . . . . . . . . 2 . . . 3 . . . . . 3 . . . 2 1 . Network Status 7 | . . . . . . . . . . 2 . . . 3 . . . . . 1 . . . . 1 . Load Schematic 2 | . . . . . . . . . . . . . . . . . . . . 1 . . . 1 . . Build 2 | . . . . . . . . . . . . . . . . . . . . 1 . . . 1 . . Repair Station Hacks 40 | . . . 8 . . . 2 . 6 . 4 . . 4 . . . . . 13 . 3 . . . . Scan Component 22 | . . . 4 . . . 1 . 3 . 2 . . 2 . . . . . 8 . 2 . . . . Repair 18 | . . . 4 . . . 1 . 3 . 2 . . 2 . . . . . 5 . 1 . . . . Recycling Unit Hacks 1 | . . . . . . . 1 . . . . . . . . . . . . . . . . . . . Report Inventory 1 | . . . . . . . 1 . . . . . . . . . . . . . . . . . . . Scanalyzer 4 | . . . 2 . . . . . . . . . . . . . . . . 2 . . . . . . Insert Component 3 | . . . 2 . . . . . . . . . . . . . . . . 1 . . . . . . Analyze 1 | . . . . . . . . . . . . . . . . . . . . 1 . . . . . . Garrison Access Hacks 18 | . . . . . . . 1 . 1 4 1 . . 3 . . . 1 . 2 2 1 . . 2 . Unlock Access 1 | . . . . . . . 1 . . . . . . . . . . . . . . . . . . . Seal Access 17 | . . . . . . . . . 1 4 1 . . 3 . . . 1 . 2 2 1 . . 2 . Unauthorized Hacks 41 | . 7 . 8 . . . 8 . 1 . . 4 . . . . . 2 . 7 3 1 . . . . Terminals 41 | . 7 . 8 . . . 8 . 1 . . 4 . . . . . 2 . 7 3 1 . . . . Assimilate 4 | . . . 1 . . . . . . . . . . . . . . 1 . 1 1 . . . . . Botnet 18 | . 1 . 2 . . . 3 . 1 . . 1 . . . . . 1 . 6 2 1 . . . . Skim 19 | . 6 . 5 . . . 5 . . . . 3 . . . . . . . . . . . . . . Fabricators . | . . . . . . . . . . . . . . . . . . . . . . . . . . . Repair Stations . | . . . . . . . . . . . . . . . . . . . . . . . . . . . Recycling Units . | . . . . . . . . . . . . . . . . . . . . . . . . . . . Scanalyzers . | . . . . . . . . . . . . . . . . . . . . . . . . . . . Garrison Access . | . . . . . . . . . . . . . . . . . . . . . . . . . . . Data Cores Recovered 6 | . . . . . . . . . 1 2 . . . 2 . . . . . . 1 . . . . . Used 3 | . . . . . . . . . 1 . . . . 1 . . . . . . 1 . . . . . Hacking Detections 96 | . 7 . 11 . . . 9 1 9 5 8 2 . 8 2 1 . 4 . 11 4 6 1 3 4 . Full Trace Events 25 | . . . 2 . . . . . 2 1 3 1 . 3 1 1 . 2 . 4 1 1 1 2 . . Feedback Events 2 | . . . . . . . . . . . . . . 1 . . . . . 1 . . . . . . Corruption 2 | . . . . . . . . . . . . . . 1 . . . . . 1 . . . . . . Feedback Blocked . | . . . . . . . . . . . . . . . . . . . . . . . . . . . Robot Schematics Acquired 2 | . . . . . . . . . . . . . . . . . . . . . . 1 1 . . . Robots Built . | . . . . . . . . . . . . . . . . . . . . . . . . . . . Authchips . | . . . . . . . . . . . . . . . . . . . . . . . . . . . Time . | . . . . . . . . . . . . . . . . . . . . . . . . . . . Total Robot Build Rating . | . . . . . . . . . . . . . . . . . . . . . . . . . . . Part Schematics Acquired 9 | . . . . . . . . . . . . . . . . . . 1 . 1 . 2 5 . . . Parts Built 3 | . . . . . . . . . . . . . . . . . . . . 2 . . . 1 . . Authchips . | . . . . . . . . . . . . . . . . . . . . . . . . . . . Time 158 | . . . . . . . . . . . . . . . . . . . . 84 . . . 74 . . Total Part Build Rating 17 | . . . . . . . . . . . . . . . . . . . . 8 . . . 9 . . Parts Repaired 18 | . . . 4 . . . 1 . 3 . 2 . . 2 . . . . . 5 . 1 . . . . Time 917 | . . . 220 . . . 38 . 148 . 47 . . 94 . . . . . 356 . 14 . . . . Parts Recycled . | . . . . . . . . . . . . . . . . . . . . . . . . . . . Recycled Matter . | . . . . . . . . . . . . . . . . . . . . . . . . . . . Retrieved Matter . | . . . . . . . . . . . . . . . . . . . . . . . . . . . Retrieved Components . | . . . . . . . . . . . . . . . . . . . . . . . . . . . Parts Scanalyzed 2 | . . . 1 . . . . . . . . . . . . . . . . 1 . . . . . . Part Schematics Acquired 1 | . . . . . . . . . . . . . . . . . . . . 1 . . . . . . Parts Damaged 1 | . . . 1 . . . . . . . . . . . . . . . . . . . . . . . Bothacking | -11 -10 -10 -9 -9 -9 -8 -8 -8 -8 -7 -7 -7 -7 -5 -5 -5 -5 -4 -4 -4 -3 -3 -3 -2 -1 -1 ------------ Run | Yrd Mat Min Mat Min Exi Min Mat Gar Mat Fac Sto Rec Scr Fac Ext Cet Arc Fac Was Fac Res Qua Sec Res Acc Com Used RIF Installer 1 | . . . . . . . . 1 . . . . . . . . . . . . . . . . . . Robots Hacked . | . . . . . . . . . . . . . . . . . . . . . . . . . . . Non-combat . | . . . . . . . . . . . . . . . . . . . . . . . . . . . Combat . | . . . . . . . . . . . . . . . . . . . . . . . . . . . Robot Hacks Applied . | . . . . . . . . . . . . . . . . . . . . . . . . . . . Relay Couplers Released 2 | . . . . . . . . 2 . . . . . . . . . . . . . . . . . . Machine Destruction 2 | . . . . . . . . 2 . . . . . . . . . . . . . . . . . . Attached 5 | . . . . . . . . . . . . . 5 . . . . . . . . . . . . . Fabnet Peak Effective % . | . . . . . . . . . . . . . . . . . . . . . . . . . . . Robots Rewired . | . . . . . . . . . . . . . . . . . . . . . . . . . . . Allies Hacked . | . . . . . . . . . . . . . . . . . . . . . . . . . . . Hacks Repelled . | . . . . . . . . . . . . . . . . . . . . . . . . . . . Allies | -11 -10 -10 -9 -9 -9 -8 -8 -8 -8 -7 -7 -7 -7 -5 -5 -5 -5 -4 -4 -4 -3 -3 -3 -2 -1 -1 -------- Run | Yrd Mat Min Mat Min Exi Min Mat Gar Mat Fac Sto Rec Scr Fac Ext Cet Arc Fac Was Fac Res Qua Sec Res Acc Com Total Allies 6 | . . . 1 . . . . . . . . . . . 2 . . 1 . 1 1 . . . . . Largest Group 2 | . . . 1 . . . . . . . . . . . 2 . . 1 . 1 1 . . . . . Highest-Rated Group 50 | . . . 10 . . . . . . . . . . . 50 . . 10 . 26 45 . . . . . Highest-Rated Ally 45 | . . . 10 . . . . . . . . . . . 25 . . 10 . 26 45 . . . . . Total Orders 1 | . . . 1 . . . . . . . . . . . . . . . . . . . . . . . STAY 1 | . . . 1 . . . . . . . . . . . . . . . . . . . . . . . Ally Attacks 11 | . . . . . . . . . . . . . . . 11 . . . . . . . . . . . Total Damage 203 | . . . . . . . . . . . . . . . 203 . . . . . . . . . . . Kills . | . . . . . . . . . . . . . . . . . . . . . . . . . . . Allies Corrupted . | . . . . . . . . . . . . . . . . . . . . . . . . . . . Allies Melted 4 | . . . . . . . . . . . . . . . 1 . . . . . . . . . . 3 Turrets Deployed 1 | . . . . . 1 . . . . . . . . . . . . . . . . . . . . . Intel | -11 -10 -10 -9 -9 -9 -8 -8 -8 -8 -7 -7 -7 -7 -5 -5 -5 -5 -4 -4 -4 -3 -3 -3 -2 -1 -1 ------- Run | Yrd Mat Min Mat Min Exi Min Mat Gar Mat Fac Sto Rec Scr Fac Ext Cet Arc Fac Was Fac Res Qua Sec Res Acc Com Robot Analysis Total 4 | . . . . . . . . . . . . . . 1 . . . . . . . . 2 1 . . Derelict Logs Recovered 2 | . . 1 . 1 . . . . . . . . . . . . . . . . . . . . . . Drone Launches . | . . . . . . . . . . . . . . . . . . . . . . . . . . . Drone Recoveries . | . . . . . . . . . . . . . . . . . . . . . . . . . . . Exploration | -11 -10 -10 -9 -9 -9 -8 -8 -8 -8 -7 -7 -7 -7 -5 -5 -5 -5 -4 -4 -4 -3 -3 -3 -2 -1 -1 ------------- Run | Yrd Mat Min Mat Min Exi Min Mat Gar Mat Fac Sto Rec Scr Fac Ext Cet Arc Fac Was Fac Res Qua Sec Res Acc Com Turns Passed 34057 | 49 1672 332 4176 554 220 298 1542 343 1022 1667 962 517 904 2371 790 218 834 643 375 3188 2135 3144 312 2988 841 1960 Spaces Moved 30584 | 36 1432 555 2371 714 469 534 1040 423 1105 2838 988 555 955 3620 937 273 268 919 465 3104 1262 1673 332 1024 1148 1544 Core 23 | 22 . . . . . . . . . . . . . . . . . . . 1 . . . . . . Treads 427 | 14 413 . . . . . . . . . . . . . . . . . . . . . . . . . Legs . | . . . . . . . . . . . . . . . . . . . . . . . . . . . Wheels . | . . . . . . . . . . . . . . . . . . . . . . . . . . . Hover 29917 | . 1019 555 2371 714 469 534 1040 423 1105 2838 988 555 955 3620 937 273 268 919 465 3103 1262 1673 323 1024 1148 1336 Flight . | . . . . . . . . . . . . . . . . . . . . . . . . . . . Fastest Speed 30 | 50 56 56 44 44 44 44 38 38 38 34 34 34 34 30 33 46 46 42 37 37 42 45 45 45 41 46 Average Speed 53 | 108 98 56 108 44 44 44 42 38 38 36 34 60 93 37 40 46 46 44 54 50 49 49 45 45 46 46 Slowest Speed 300 | 160 240 56 180 44 44 44 104 38 103 38 98 94 94 96 110 46 46 104 113 300 109 110 109 45 130 46 Overloaded Moves 1 | . . . . . . . . . . . . . . . 1 . . . . . . . . . . . Propulsion Burnouts . | . . . . . . . . . . . . . . . . . . . . . . . . . . . Robots Hopped 4 | . . . . . 4 . . . . . . . . . . . . . . . . . . . . . Cave-ins Triggered . | . . . . . . . . . . . . . . . . . . . . . . . . . . . Spacefolds 4 | . . . . . . . . . . . . . . . . . . . . . . . 3 . . 1 Microwarps 21 | . . . . . . . . . . . . . . . . . . . . . . . . . . 21 Exploration Rate (%) 65 | 2 97 99 92 98 61 93 80 39 92 73 89 93 56 70 73 73 98 20 96 52 34 96 19 24 27 34 Regions Visited 26 Branch Regions 13 Pre-discovered Areas 5 | . . 1 4 . . . . . . . . . . . . . . . . . . . . . . . Known Exits Taken 22 | . 1 1 1 1 1 1 1 . 1 1 1 1 1 1 1 1 1 . . 1 1 1 1 1 1 . Unknown Exits Taken 1 | 1 . . . . . . . . . . . . . . . . . . . . . . . . . . Scrap Searched 3 | . . . . 2 . 1 . . . . . . . . . . . . . . . . . . . . Spaces Dug 249 | . . . 2 2 . . 11 6 17 43 9 . . 35 16 . 1 11 . 30 9 5 2 9 20 21 Terrain Destroyed 538 | . 7 . 2 2 7 102 11 31 17 43 9 . . 35 73 . 1 11 . 61 9 5 2 9 20 81 Melee 236 | . . . 2 2 . . 11 6 17 43 9 . . 35 3 . 1 11 . 30 9 5 2 9 20 21 Projectile . | . . . . . . . . . . . . . . . . . . . . . . . . . . . AOE 302 | . 7 . . . 7 102 . 25 . . . . . . 70 . . . . 31 . . . . . 60 Terrain Rammed . | . . . . . . . . . . . . . . . . . . . . . . . . . . . Walls Destroyed . | . . . . . . . . . . . . . . . . . . . . . . . . . . . Machines Disabled . | . . . . . . . . . . . . . . . . . . . . . . . . . . . Actions | -11 -10 -10 -9 -9 -9 -8 -8 -8 -8 -7 -7 -7 -7 -5 -5 -5 -5 -4 -4 -4 -3 -3 -3 -2 -1 -1 --------- Run | Yrd Mat Min Mat Min Exi Min Mat Gar Mat Fac Sto Rec Scr Fac Ext Cet Arc Fac Was Fac Res Qua Sec Res Acc Com Total 46332 | 45 1599 575 3754 898 476 579 2029 545 1595 3324 1481 666 966 4440 1267 335 963 1115 572 4566 2664 3877 457 3499 1435 2610 Wait 12641 | . 78 11 1131 125 2 14 869 11 383 311 297 40 . 573 153 19 656 117 41 1129 1143 1978 59 2361 204 936 Move 30356 | 35 1431 554 2370 713 460 533 1039 421 1104 2837 987 554 954 3618 936 272 267 919 464 3103 1261 1672 325 1023 1147 1357 Hop 4 | . . . . . 4 . . . . . . . . . . . . . . . . . . . . . Pick Up 175 | 4 8 2 11 1 3 1 6 2 9 8 2 2 . 1 7 . 4 1 6 15 31 20 9 2 . 20 Fast Attach 201 | 2 2 2 20 2 . 1 9 . 1 5 12 6 6 19 4 2 . 13 9 37 . 3 10 7 13 16 Attach 89 | 3 5 . 6 . . . 2 . 5 3 . 1 . . 4 . . 1 1 7 19 16 5 1 . 10 Detach 5 | . . . . . . . . . . . . . . . . . . . . 1 1 2 . . . 1 Swap 108 | 1 3 2 3 1 2 4 10 3 7 13 1 . . 9 3 1 . 5 . 12 8 12 2 1 2 3 Drop 356 | . 8 4 21 3 3 3 15 2 7 18 10 7 6 26 10 3 4 16 14 47 29 24 15 8 15 38 Fire 166 | . 45 . 89 . 2 11 . 4 . . . . . . 7 . . . . 6 . . . . . 2 Melee 1300 | . . . 42 33 . 3 63 31 55 102 107 43 . 133 56 24 13 29 13 128 94 75 20 59 41 136 Ram 2 | . . . . . . . . . . . . . . . 1 . . . . 1 . . . . . . Kick . | . . . . . . . . . . . . . . . . . . . . . . . . . . . Crush . | . . . . . . . . . . . . . . . . . . . . . . . . . . . Escape Stasis 106 | . . . . . . . . 48 . . . . . 22 35 . . . . . . . . . . 1 Rewire 18 | . . . . . . . . . . . . 7 . . . . . . 11 . . . . . . . Trap . | . . . . . . . . . . . . . . . . . . . . . . . . . . . Miscellaneous 805 | . 19 . 61 20 . 9 16 23 24 27 65 6 . 39 51 14 19 14 13 80 78 75 12 37 13 90 Route ------- -11/Scrapyard -10/Materials (discovered 5 exits: *Mat x3 / *Min x2) -10/Mines (discovered 2 exits: *Mat x2) -9/Materials (discovered 4 exits: *Mat x3 / *Min) -9/Mines (discovered 3 exits: *Mat x2 / *Exi) -9/Exiles (discovered 2 exits: *Min x2) -8/Mines (discovered 2 exits: *Mat x2) -8/Materials (discovered 4 exits: *Fac x3 / Gar) -8/Garrison -8/Materials (discovered 2 exits: *Fac x2) -7/Factory (discovered 7 exits: *Fac x3 / *Sto x2 / *Low x2) -7/Storage (discovered 2 exits: *Fac / *Rec) -7/Recycling (discovered 2 exits: *Fac / *Scr) -7/Scraptown -5/Factory (discovered 7 exits: *Fac x4 / *Upp / *Ext x2) -5/Extension (discovered 2 exits: *Fac / *Cet) -5/Cetus -5/Archives (discovered 3 exits: *Fac / *Hub x2) -4/Factory -4/Waste -4/Factory (discovered 4 exits: *Res x2 / Upp x2) -3/Research (discovered 3 exits: Arm / *Qua x2) -3/Quarantine (discovered 2 exits: *Res / *Sec) -3/Section 7 -2/Research -1/Access -1/Command (discovered 2 exits: Sur x2) By MAIN.C's Side History --------- Turn | Location | Event 6 | -11/Scrapyard | Upgraded with Propulsion slot (x1) 6 | -11/Scrapyard | Upgraded with Utility slot (x1) 6 | -11/Scrapyard | Upgraded with Weapon slot (x1) 13 | -11/Scrapyard | Discovered new exit (range 16) 50 | -11/Scrapyard | Entered Materials 317 | -10/Materials | Build established: Mutant 441 | -10/Materials | Discovered new exit (range 4) 450 | -10/Materials | Identified exit to Materials 704 | -10/Materials | Discovered exit to Materials (range 15) 1030 | -10/Materials | Discovered exit to Materials (range 5) 1167 | -10/Materials | Reached level 2 1241 | -10/Materials | Discovered new exit (range 6) 1244 | -10/Materials | Identified exit to Mines 1630 | -10/Materials | Discovered exit to Mines (range 16) 1722 | -10/Materials | Entered Mines 1798 | -10/Mines | Learned Materials terminal intel 1803 | -10/Mines | Discovered exit to Materials (range 8) 1906 | -10/Mines | YI-UF0 nonchalantly dropped a Grenade Launcher on the ground 1919 | -10/Mines | Learned location of Storage (-7) 1991 | -10/Mines | Found a damaged Exp. Sensor Array with a note attached 1992 | -10/Mines | Found Prototype Device 1992 | -10/Mines | Identified Exp. Sensor Array 2048 | -10/Mines | Discovered exit to Materials (range 3) 2054 | -10/Mines | Entered Materials 2055 | -9/Materials | Loaded intel: 12 terminal locations 2056 | -9/Materials | Reached level 3 2273 | -9/Materials | Reached level 4 2863 | -9/Materials | Upgraded with Utility slot (x1) 3231 | -9/Materials | Repaired Broken Exp. Sensor Array 3258 | -9/Materials | Repaired Hover Unit 3505 | -9/Materials | Discovered new exit (range 9) 3514 | -9/Materials | Identified exit to Materials 3605 | -9/Materials | Reached level 5 3946 | -9/Materials | Upgraded with Propulsion slot (x1) 3946 | -9/Materials | Upgraded with Utility slot (x1) 4020 | -9/Materials | Discovered new exit (range 14) 4045 | -9/Materials | Identified exit to Mines 4160 | -9/Materials | Reached level 6 4173 | -9/Materials | Core integrity fell below 50% 4223 | -9/Materials | Upgraded with Weapon slot (x2) 4445 | -9/Materials | Discovered exit to Materials (range 8) 4491 | -9/Materials | Repaired Hover Unit 4508 | -9/Materials | Build established: Gladiator 4524 | -9/Materials | Repaired Shield Generator 4658 | -9/Materials | Learned Storage trap positions 4735 | -9/Materials | Learned Storage security intel 4800 | -9/Materials | Learned Storage stockpile data 4854 | -9/Materials | Learned location of Zion (-6) 4962 | -9/Materials | Learned location of 1 exit from Recycling 5001 | -9/Materials | Learned location of 1 exit from Materials 5052 | -9/Materials | Loaded intel: 5 trap records 5834 | -9/Materials | Reached level 7 6163 | -9/Materials | Upgraded with Utility slot (x1) 6185 | -9/Materials | Upgraded with Propulsion slot (x2) 6195 | -9/Materials | Upgraded with Power slot (x1) 6230 | -9/Materials | Entered Mines 6423 | -9/Mines | Excavation squad dispatched 6423 | -9/Mines | A large section of the Mines collapsed 6502 | -9/Mines | Build established: Scavenger-Scout 6533 | -9/Mines | Reached level 8 6613 | -9/Mines | Deemed a non-threat by the Exiles lab entrance 6613 | -9/Mines | Discovered new exit (range 6) 6654 | -9/Mines | Discovered exit to Materials (range 11) 6681 | -9/Mines | A weapon hastily lodged in a ceiling crevice suddenly fell to the ground 6751 | -9/Mines | Discovered exit to Materials (range 5) 6783 | -9/Mines | Identified exit to Exiles 6784 | -9/Mines | Entered Exiles 6791 | -9/Exiles | Discovered new exit (range 15) 6797 | -9/Exiles | Met 8R-AWN 6804 | -9/Exiles | Met EX-HEX 6820 | -9/Exiles | Met EX-BIN 6882 | -9/Exiles | Aligned with FarCom system 6883 | -9/Exiles | Given EX-Vault access code 6901 | -9/Exiles | Opened EX-Vault 6907 | -9/Exiles | DAS Turret deployed 6913 | -9/Exiles | Found Deploy-a-Sentry 6921 | -9/Exiles | Found Modified TNC 6938 | -9/Exiles | Warned to stay clear of 0b10 Research branches 6951 | -9/Exiles | Met EX-DEC 6967 | -9/Exiles | Discovered new exit (range 10) 6971 | -9/Exiles | Identified exit to Mines 6988 | -9/Exiles | Attacked by the Exiles 7004 | -9/Exiles | Left Exiles lab with Modified TNC 7004 | -9/Exiles | Entered Mines 7125 | -8/Mines | Reached level 9 7156 | -8/Mines | Discovered exit to Materials (range 15) 7287 | -8/Mines | Discovered exit to Materials (range 9) 7302 | -8/Mines | Entered Materials 7303 | -8/Materials | Identified exit to Factory 7304 | -8/Materials | Reached level 10 7306 | -8/Materials | Upgraded with Utility slot (x1) 7439 | -8/Materials | Upgraded with Utility slot (x1) 7472 | -8/Materials | Reached level 11 7907 | -8/Materials | Discovered exit to Factory (range 10) 8051 | -8/Materials | Repaired Airjet 8157 | -8/Materials | Learned location of 3 exits from Factory 8237 | -8/Materials | Learned 2 Lower Caves zone layouts 8367 | -8/Materials | Learned Factory trap positions 8454 | -8/Materials | Learned Factory repair station intel 8514 | -8/Materials | Learned Factory emergency access door positions 8556 | -8/Materials | Learned 4 Recycling zone layouts 8608 | -8/Materials | Learned Storage trap positions 8671 | -8/Materials | Learned 2 Lower Caves zone layouts 8843 | -8/Materials | Identified exit to Garrison 8844 | -8/Materials | Entered Garrison 8846 | -8/Garrison | Reached level 12 8858 | -8/Garrison | Triggered checkpoint 8952 | -8/Garrison | Discovered new exit (range 10) 8955 | -8/Garrison | Identified exit to Materials 8960 | -8/Garrison | Triggered checkpoint 8978 | -8/Garrison | Triggered checkpoint 9027 | -8/Garrison | Core integrity fell below 50% 9099 | -8/Garrison | Destroyed 9 combat bots 9127 | -8/Garrison | Installed Relay Interface Framework 9187 | -8/Garrison | Entered Materials 9478 | -8/Materials | Upgraded with Utility slot (x1) 9479 | -8/Materials | Upgraded with Power slot (x1) 9570 | -8/Materials | Reached level 13 9731 | -8/Materials | Repaired Aerolev Unit 9783 | -8/Materials | Repaired Phase Shifter 9822 | -8/Materials | Repaired Lgt. Deuterium Engine 10209 | -8/Materials | Entered Factory 10210 | -7/Factory | Identified exit to Lower Caves 10211 | -7/Factory | Identified exit to Factory 10211 | -7/Factory | Identified exit to Storage 10211 | -7/Factory | Reached level 14 10212 | -7/Factory | Loaded intel: 92 trap records 10213 | -7/Factory | Upgraded with Utility slot (x1) 10214 | -7/Factory | Loaded intel: 6 repair station locations 10861 | -7/Factory | Discovered exit to Factory (range 4) 10995 | -7/Factory | Found Powered Armor 11019 | -7/Factory | Reached level 15 11553 | -7/Factory | Build established: Hacker-Scout 11876 | -7/Factory | Entered Storage 11877 | -7/Storage | Loaded intel: 14 trap records 11909 | -7/Storage | Identified exit to Recycling 12005 | -7/Storage | Reached level 16 12136 | -7/Storage | Garrison activated, responded to threat 12205 | -7/Storage | Core integrity fell below 50% 12301 | -7/Storage | Repaired Powered Armor? 12336 | -7/Storage | Repaired Phase Shifter 12560 | -7/Storage | Discovered exit to Factory (range 16) 12639 | -7/Storage | Build established: Scavenger-Scout 12655 | -7/Storage | Garrison activated, responded to threat 12836 | -7/Storage | Used back door to open Recycling access 12838 | -7/Storage | Entered Recycling 12839 | -7/Recycling | Identified exit to Factory 13002 | -7/Recycling | Reached level 17 13023 | -7/Recycling | Destroyed 8 combat bots 13045 | -7/Recycling | Upgraded with Utility slot (x1) 13092 | -7/Recycling | System corruption reached 10% 13323 | -7/Recycling | Scanned before Scraplab entrance 13334 | -7/Recycling | Discovered new exit (range 11) 13337 | -7/Recycling | Entered Scraplab 13345 | -7/Recycling | Build established: Scavenger-Gladiator 13354 | -7/Recycling | Identified exit to Scraptown 13355 | -7/Recycling | Entered Scraptown 13355 | -7/Scraptown | System corruption cleaned by C-Scrubber 13573 | -7/Scraptown | Discovered exit to Factory (range 9) 13663 | -7/Scraptown | Visited SPCMW 13688 | -7/Scraptown | Visited Shadow of the Wyrm 13856 | -7/Scraptown | Visited The Evicted 13877 | -7/Scraptown | Visited Comm Corps 13961 | -7/Scraptown | Visited Cyclists 13992 | -7/Scraptown | Visited Red Mages 14021 | -7/Scraptown | Found Relay Coupler [Proto] 14023 | -7/Scraptown | Found Relay Coupler [Proto] 14202 | -7/Scraptown | Turned away by UFD registrar 14202 | -7/Scraptown | Turned away by UFD registrar 14259 | -7/Scraptown | Entered Factory 14261 | -5/Factory | Reached level 18 14375 | -5/Factory | Upgraded with Propulsion slot (x1) 14415 | -5/Factory | Discovered new exit (range 15) 14513 | -5/Factory | Discovered new exit (range 10) 14520 | -5/Factory | Identified exit to Extension 14704 | -5/Factory | Found Prototype Launcher 14704 | -5/Factory | Identified Rocket Array 14913 | -5/Factory | Spotted B-75 Beast 15137 | -5/Factory | Discovered new exit (range 5) 15138 | -5/Factory | Identified exit to Factory 15208 | -5/Factory | Discovered new exit (range 8) 15210 | -5/Factory | Identified exit to Upper Caves 15220 | -5/Factory | Build established: Scavenger-Ninja 15308 | -5/Factory | Reached level 19 15612 | -5/Factory | Build established: Hacker-Ninja 15631 | -5/Factory | System corruption reached 10% 15672 | -5/Factory | Reached level 20 15845 | -5/Factory | Discovered exit to Factory (range 10) 15944 | -5/Factory | Repaired Imp. Transmission Jammer 15983 | -5/Factory | Repaired Reaction Control System 16074 | -5/Factory | Discovered exit to Extension (range 6) 16158 | -5/Factory | Discovered exit to Factory (range 12) 16558 | -5/Factory | Build established: Scavenger-Ninja 16630 | -5/Factory | Entered Extension 16800 | -5/Extension | Reached level 21 16810 | -5/Extension | Upgraded with Utility slot (x1) 17005 | -5/Extension | Disrupted transfer network 17196 | -5/Extension | Rescued a captive Derelict 17197 | -5/Extension | Rescued a captive Derelict 17230 | -5/Extension | First assault squad dispatched 17408 | -5/Extension | Discovered exit to Factory (range 10) 17409 | -5/Extension | Discovered new exit (range 6) 17419 | -5/Extension | Identified exit to Cetus 17420 | -5/Extension | Entered Cetus 17428 | -5/Cetus | Spotted Cetus Guard 17428 | -5/Cetus | Spotted Cetus Guard 17428 | -5/Cetus | Spotted Cetus Guard 17440 | -5/Cetus | Spotted Cetus Guard 17443 | -5/Cetus | Destroyed Cetus Guard 17471 | -5/Cetus | Destroyed Cetus Guard 17482 | -5/Cetus | Destroyed Cetus Guard 17564 | -5/Cetus | Reached level 22 17618 | -5/Cetus | Discovered new exit (range 16) 17637 | -5/Cetus | Identified exit to Archives 17638 | -5/Cetus | Entered Archives 17667 | -5/Archives | Discovered exit to Factory (range 13) 17675 | -5/Archives | Discovered new exit (range 15) 17691 | -5/Archives | Discovered new exit (range 14) 18087 | -5/Archives | Identified exit to Hub_04(d) 18472 | -5/Archives | Entered Factory 18474 | -4/Factory | Reached level 23 18554 | -4/Factory | Upgraded with Utility slot (x1) 18625 | -4/Factory | Discovered new exit (range 5) 18626 | -4/Factory | Identified exit to Research 19115 | -4/Factory | Sucked down chute 19115 | -4/Factory | Entered Waste 19115 | -4/Waste | The area was eerily silent 19149 | -4/Waste | Found Prototype Device 19149 | -4/Waste | Identified Exp. Shock Absorption System 19195 | -4/Waste | Found Prototype Device 19195 | -4/Waste | Identified Femtoactuators 19271 | -4/Waste | Found Broken Adv. Force Booster 19278 | -4/Waste | Discovered new exit (range 16) 19490 | -4/Waste | Identified exit to Factory 19490 | -4/Waste | Entered Factory 19716 | -4/Factory | Found Prototype Processor 19716 | -4/Factory | Identified Exp. Signal Interpreter 19765 | -4/Factory | Build established: Hacker-Ninja 19786 | -4/Factory | Found Unknown Device 19786 | -4/Factory | Identified Quantum Capacitor 19847 | -4/Factory | Discovered exit to Research (range 9) 19858 | -4/Factory | Fabricated Powered Armor? 20019 | -4/Factory | Reached level 24 20110 | -4/Factory | Repaired Broken Adv. Force Booster 20266 | -4/Factory | Repaired Actuator Array 20724 | -4/Factory | Repaired Actuator Array 20799 | -4/Factory | Repaired Adv. Phase Shifter 21240 | -4/Factory | First assault squad dispatched 21324 | -4/Factory | Reached level 25 21671 | -4/Factory | Found Powered Armor 21729 | -4/Factory | Discovered exit to Research (range 16) 21887 | -4/Factory | Found Prototype Launcher 21887 | -4/Factory | Identified Com. Tesla Bomb Launcher 22037 | -4/Factory | Build established: Hacker-Gladiator 22147 | -4/Factory | System corruption reached 10% 22528 | -4/Factory | Repaired Broken Adv. Phase Shifter 22630 | -4/Factory | Identified exit to Upper Caves 22678 | -4/Factory | Entered Research 22680 | -3/Research | Reached level 26 22728 | -3/Research | Identified exit to Armory 22728 | -3/Research | Identified exit to Quarantine 23516 | -3/Research | Reached level 27 23583 | -3/Research | Upgraded with Propulsion slot (x1) 23894 | -3/Research | Build established: Scavenger-Ninja 23928 | -3/Research | First assault squad dispatched 24214 | -3/Research | Found Prototype Device 24215 | -3/Research | Identified Adv. EM Disruption Field 24528 | -3/Research | Found Prototype Device 24529 | -3/Research | Identified Exp. Thermal Defense Suite 24530 | -3/Research | System corruption reached 10% 24615 | -3/Research | Reached level 28 24723 | -3/Research | Spotted B-86 Titan 24813 | -3/Research | Entered Quarantine 25122 | -3/Quarantine | Scanned by Researcher 25597 | -3/Quarantine | Cryocooling Duct disabled 25612 | -3/Quarantine | Ambient heat levels rising (+20) 25612 | -3/Quarantine | Non-combat units ordered to evacuate 26003 | -3/Quarantine | Build established: Scavenger-Scout 26344 | -3/Quarantine | Found Alien Impact Weapon 26345 | -3/Quarantine | Identified Core Stripper 26438 | -3/Quarantine | Found Unknown Launcher 26439 | -3/Quarantine | Identified Fusion Bomb Launcher 26449 | -3/Quarantine | Found Prototype Device 26450 | -3/Quarantine | Identified Adv. Kinecellerator 26508 | -3/Quarantine | Found Alien Slashing Weapon 26509 | -3/Quarantine | Identified Sigix Broadsword 26778 | -3/Quarantine | Reached level 29 27109 | -3/Quarantine | Build established: Hacker-Ninja 27323 | -3/Quarantine | Found Alien Artifact 27324 | -3/Quarantine | Identified Subatomic Replicator 27324 | -3/Quarantine | Used Subatomic Replicator to replicate Sigix Broadsword 27372 | -3/Quarantine | Discovered new exit (range 4) 27373 | -3/Quarantine | Identified exit to Research 27401 | -3/Quarantine | Repaired Powered Armor 27620 | -3/Quarantine | Spotted Fortress 27654 | -3/Quarantine | Discovered new exit (range 6) 27658 | -3/Quarantine | Identified exit to Section 7 27957 | -3/Quarantine | Entered Section 7 28033 | -3/Section 7 | Found Alien Artifact 28080 | -3/Section 7 | Found Alien Artifact 28080 | -3/Section 7 | Identified Microwarp Drive 28082 | -3/Section 7 | Identified Integrated Reactor 28082 | -3/Section 7 | Installed Integrated Reactor, increased core energy generation (+10) 28103 | -3/Section 7 | Spotted S7 Guard 28122 | -3/Section 7 | Destroyed S7 Guard 28130 | -3/Section 7 | Found Alien Artifact 28130 | -3/Section 7 | Identified Core Regenerator 28130 | -3/Section 7 | Used Core Regenerator, restored core integrity (+36) 28207 | -3/Section 7 | First assault squad dispatched 28219 | -3/Section 7 | Spotted B-86 Titan 28238 | -3/Section 7 | Found Alien Artifact 28239 | -3/Section 7 | Identified Spacefold Activator 28262 | -3/Section 7 | Discovered exit to Research (range 15) 28269 | -3/Section 7 | Entered Research 28271 | -2/Research | Reached level 30 28310 | -2/Research | Identified exit to DSF 28413 | -2/Research | Fabricated Femtoactuators? 29364 | -2/Research | Reached level 31 31211 | -2/Research | Found Prototype Device 31211 | -2/Research | Identified Exp. Shield Generator 31243 | -2/Research | Spotted B-90 Cyclops 31246 | -2/Research | Discovered new exit (range 5) 31248 | -2/Research | Identified exit to Access 31250 | -2/Research | Found Prototype Launcher 31251 | -2/Research | Identified Tesla Bomb Launcher 31257 | -2/Research | Entered Access 31259 | -1/Access | Reached level 32 31502 | -1/Access | Reached level 33 32095 | -1/Access | Discovered new exit (range 7) 32097 | -1/Access | Identified exit to Command 32098 | -1/Access | Entered Command 32100 | -1/Command | Reached level 34 32185 | -1/Command | Phase Generator disabled 33011 | -1/Command | Found Prototype Processor 33011 | -1/Command | Identified Spectral Analyzer 33201 | -1/Command | Met MAIN.C 33201 | -1/Command | Reached level 35 33203 | -1/Command | 0b10 Conduit disabled 33226 | -1/Command | Destroyed MAIN.C Shell 33228 | -1/Command | Surrendered to MAIN.C 33228 | -1/Command | Loaded intel: 53 machine locations 33228 | -1/Command | Loaded intel: 86 trap records 33228 | -1/Command | Identified exit to Surface 33228 | -1/Command | Discovered exit to Surface (range 41) 33228 | -1/Command | Discovered exit to Surface (range 88) 33272 | -1/Command | Found Prototype Device 33273 | -1/Command | Identified Exp. Hardlight Generator 33275 | -1/Command | Found Prototype Device 33276 | -1/Command | Identified Exp. Transmission Jammer 33277 | -1/Command | Found Prototype Device 33278 | -1/Command | Identified Exp. System Purifier 33288 | -1/Command | Found Prototype Protection 33288 | -1/Command | Identified Hvy. Regenerative Plating 33291 | -1/Command | Found Prototype Reactor 33291 | -1/Command | Identified Zero-point Reactor 33294 | -1/Command | Found Zero-point Reactor 33319 | -1/Command | MAIN.C activated Command garrisons 33359 | -1/Command | Unknown forces attacked Command 33359 | -1/Command | Spotted EQ-004 33359 | -1/Command | Spotted EQ-003 33359 | -1/Command | Spotted EQ-000 33359 | -1/Command | Spotted EQ-002 33359 | -1/Command | Spotted EQ-005 33359 | -1/Command | Spotted EQ-001 33369 | -1/Command | Destroyed EQ-003 33382 | -1/Command | Spotted EQ-013 33414 | -1/Command | Lost 6 allies 33416 | -1/Command | Spotted EQ-006 33451 | -1/Command | Spotted EQ-019 33458 | -1/Command | Spotted EQ-018 33564 | -1/Command | Spotted EQ-038 33564 | -1/Command | Spotted EQ-040 33564 | -1/Command | Spotted EQ-041 33564 | -1/Command | Spotted EQ-039 33577 | -1/Command | Spotted EQ-043 33613 | -1/Command | Lost 4 allies 33658 | -1/Command | Build established: Hacker-Gladiator 33682 | -1/Command | Spotted EQ-061 33682 | -1/Command | Spotted EQ-060 33682 | -1/Command | Spotted EQ-062 33691 | -1/Command | Destroyed EQ-062 33701 | -1/Command | Spotted EQ-073 33711 | -1/Command | Destroyed EQ-073 33738 | -1/Command | Lost 7 allies 33785 | -1/Command | Found Prototype Processor 33786 | -1/Command | Identified Exp. Core Analyzer 33791 | -1/Command | Spotted EQ-092 33791 | -1/Command | Spotted EQ-090 33791 | -1/Command | Spotted EQ-084 33806 | -1/Command | Spotted EQ-108 33806 | -1/Command | Spotted EQ-091 33808 | -1/Command | Spotted EQ-088 33814 | -1/Command | Destroyed EQ-091 33825 | -1/Command | Destroyed EQ-088 33839 | -1/Command | Lost 3 allies 33880 | -1/Command | Spotted EQ-080 33880 | -1/Command | Spotted EQ-066 33910 | -1/Command | Spotted EQ-111 33910 | -1/Command | Spotted EQ-110 33933 | -1/Command | Spotted EQ-128 33938 | -1/Command | All MAIN.C guards destroyed 33944 | -1/Command | Destroyed EQ-128 33964 | -1/Command | Spotted EQ-135 33964 | -1/Command | Spotted EQ-063 33964 | -1/Command | Spotted EQ-101 33968 | -1/Command | Spotted EQ-072 33976 | -1/Command | Destroyed EQ-135 33980 | -1/Command | Destroyed EQ-101 33987 | -1/Command | Spotted EQ-067 33988 | -1/Command | Spotted EQ-125 33989 | -1/Command | Spotted EQ-094 33992 | -1/Command | Destroyed EQ-067 33994 | -1/Command | Spotted EQ-134 33995 | -1/Command | Spotted EQ-102 34001 | -1/Command | Spotted EQ-044 34004 | -1/Command | Spotted EQ-079 34006 | -1/Command | Spotted EQ-120 34011 | -1/Command | Destroyed EQ-044 34014 | -1/Command | Core integrity fell below 50% 34016 | -1/Command | Destroyed EQ-079 34019 | -1/Command | Spotted EQ-141 34019 | -1/Command | Spotted EQ-138 34019 | -1/Command | Spotted EQ-140 34019 | -1/Command | Spotted EQ-153 34020 | -1/Command | Core integrity fell below 20% 34027 | -1/Command | Spotted EQ-139 34031 | -1/Command | Destroyed EQ-139 34038 | -1/Command | Destroyed EQ-153 34043 | -1/Command | Spotted EQ-127 34055 | -1/Command | Lost 4 allies 34056 | -1/Command | Destroyed EQ-102 34057 | -1/Command | Attackers retreated from Command 34058 | *** | Fortifying 0b10! Last Messages --------------- 34049_ Microwarped (distance 10). 34051_ Knocked back. 34051_ EQ-138 knocked back. 34051_ Destroyed Prototype Device. 34051_ Sigix Broadsword follow-up attack on EQ-120. 34051_ Destroyed Prototype Device. 34053_ EQ-102 Prototype Leg severed. 34054_ EQ-138 knocked back. 34054_ Sigix Broadsword follow-up attack on EQ-102. 34054_ EQ-102 Centrium Medium Armor Plating severed. 34056_ EQ-102 destroyed. 34056_ Knocked back. 34057_ ALERT: Enemy forces retreating. MAIN.C: I admit your assistance was pivotal here. It looks like I was right to trust you. This attack appears to have been designed to merely test our defenses, although it was nearly effective enough to force me to take the conflict to the next level. Investigating the origins of these bots should be one of our highest priorities... Map ----- +----------------------------------------------------+ | ?????????????????????????????????#?#?#????# # | | ?????????????????????????????????#?#?#????# # | | ?????????????????????????????????#?#?#????# # | | ?????????????????????????????????#?#?#????# # | | #????????????????????????????????#?#?#????# # | | #????????????????????????????????#?#?#????# # | | ###??????????????????????????????#?#?#????### #### | | ""#??????????????????????????????#?#?#??????# #??# | | ""#??????????????????????????????#?#?#??????# #??# | | ""#??????????????????????????????#?#?#??????# #### | | T#??????????????????????????????#?#?#??????# | | ""#??????????????????????????????#?#?#??????###### | | ""#??????????????????????????????#?#?#???????????? | | ""#??????????????????????????????#?#?#???????????? | | ###??????????????????????????????#?#?#???????????? | | #????????????????????????????????#?#?#???????????? | | #????????????????????????????????#?#?#???????????? | | #????????????????????????????????#?#?#???????????? | | #????????????????????????????????#?#?#???????????? | | #????????????????????????????????#?#?#???????????? | | #????????????????????????????????#?#?#???????????? | | #?###########################????#?#?#???????????? | | #?#?######### ###### ### ####????#?#?#???????????? | | #?#?#########################????#?#?#???????????? | | #####" ! =!=!%%% ######################## | | "####" =[ %= ]%=@######################## | | #?### " !% ]% !%%####################### | | #####" " !!] % %=! = % =%[*! =!%!%%*!## | | ##### !** ! [ ! !=%= =% !!%%]]=%!## | | #####" !% ! *%! %=%%%% =%=% *!%%!%!!%## | | #####" !* % % ! ]=###################%[!## | | ##### " % % %################### !## | | #####% = ! ################### ## | | #####% % ###????#?#?#??????# # | | ### # M %% ###????#?#?#??????# ## | | "#### % ! "###????#?#?#??????# | | "####% % ""###????#?#?#??????# | | "#### %=% ###????#?#?#??????# | | %#### =%% ###????#?#?#??????# = | | %=%= %= % % ###????#?#?#??????# | | *=!%== %= !% ###????#?#?#??????# # | | %%[!*% = ! !%]###????#?#?#??????###### | | #### = % % ! ###????#?#?#???????????? | | ### ! ###????#?#?#???????????? | | ] ### " % ###????#?#?#???????????? | | ###########################????#?#?#???????????? | | ! ################## ########????#?#?#???????????? | | ###########################????#?#?#???????????? | | # #????????????????????????????#?#?#???????????? | | # ##????????????????????????????#?#?#???????????? | +----------------------------------------------------+ Best States ------------- Heat Dissipation 175 Energy Generation 91 Energy Capacity 780 Matter Stores 300 Matter Capacity 300 Sight Range 16 Robot Scan Range 20 Terrain Scan Density 10 Jamming Range 16 Corruption Containment 8 Armor Coverage 1000 Resistance: KI 10 Resistance: TH 10 Resistance: EX 75 Melee Speed Boost 50 Phase Shifting 15 Evasion (%) 82 Target Analysis 8 Core Analysis 8 Recoil Reduction 2 Force Boost 40 Offensive Hacking 30 Defensive Hacking 20 Relay Coupler Types 1 Relay Coupler Value 4 Item Schematics ----------------- Powered Armor | -4/Factory | Hacked Femtoactuators | -4/Factory | Scanalyzed Electron Diverter | -3/Quarantine | Archive Nanosword | -3/Quarantine | Archive Adv. Energy Well | -3/Section 7 | Archive Com. Mass Driver | -3/Section 7 | Archive Thunder Hammer | -3/Section 7 | Archive Imp. Diametric Drive | -3/Section 7 | Archive Hvy. Tesla Rifle | -3/Section 7 | Archive Robot Schematics ------------------ H-77 Assassin | -3/Quarantine | Archive L-61 Swordsman | -3/Section 7 | Archive Fabricated ------------ Powered Armor | x2 | -4/Factory Femtoactuators | x1 | -2/Research Alien Tech Used ----------------- Core Stripper Sigix Broadsword Subatomic Replicator Microwarp Drive Integrated Reactor Core Regenerator Spacefold Activator Achievements -------------- None Challenges ------------ None RPGLIKE | -11 -10 -10 -9 -9 -9 -8 -8 -8 -8 -7 -7 -7 -7 -5 -5 -5 -5 -4 -4 -4 -3 -3 -3 -2 -1 -1 --------- Run | Yrd Mat Min Mat Min Exi Min Mat Gar Mat Fac Sto Rec Scr Fac Ext Cet Arc Fac Was Fac Res Qua Sec Res Acc Com Levels Raised 34 | . 1 . 5 1 . 1 2 1 1 2 1 1 . 3 1 1 . 1 . 2 3 1 . 2 2 2 XP Earned 54633 | 3000 2020 500 6603 1645 243 1977 3132 1457 904 3130 1797 730 118 4891 1904 596 302 1963 139 2693 3986 1497 748 2783 2561 3314 XP Spent 53980 | 3000 . . 9000 120 480 . 3800 . 3190 4010 . 2900 . 2130 3200 . . 4100 . 2820 3980 2200 . 2500 3100 3450 Upgrades 73 | 6 . . 9 2 8 . 3 . 3 6 . 1 . 3 1 . . 2 . 7 6 3 . 3 3 7 Power Slot 2 | . . . 1 . . . . . 1 . . . . . . . . . . . . . . . . . Propulsion Slot 6 | 1 . . 3 . . . . . . . . . . 1 . . . . . . 1 . . . . . Utility Slot 11 | 1 . . 3 . . . 2 . 1 1 . 1 . . 1 . . 1 . . . . . . . . Weapon Slot 3 | 1 . . 2 . . . . . . . . . . . . . . . . . . . . . . . Core Integrity 8 | . . . . . 8 . . . . . . . . . . . . . . . . . . . . . Heat Dissipation 10 | . . . . 2 . . . . 1 1 . . . 1 . . . . . 2 3 . . . . . Energy Generation 4 | . . . . . . . . . . . . . . 1 . . . . . . 2 . . . . 1 Mass Support 3 | . . . . . . . 1 . . . . . . . . . . 1 . . . 1 . . . . Inventory Capacity 5 | 3 . . . . . . . . . . . . . . . . . . . 1 . . . . . 1 Melee Accuracy 6 | . . . . . . . . . . . . . . . . . . . . 3 . 2 . 1 . . Hack Attack % 6 | . . . . . . . . . . 2 . . . . . . . . . 1 . . . 2 1 . Hack Defense % 4 | . . . . . . . . . . 2 . . . . . . . . . . . . . . 2 . KI Resistance % 2 | . . . . . . . . . . . . . . . . . . . . . . . . . . 2 TH Resistance % 2 | . . . . . . . . . . . . . . . . . . . . . . . . . . 2 EX Resistance % 1 | . . . . . . . . . . . . . . . . . . . . . . . . . . 1 Protomatter Created 7266 | . 160 . 478 274 . 5 117 169 166 294 521 193 . 466 427 106 146 146 213 932 696 410 132 531 141 543 Integrity Restored 16594 | . 390 . 1170 341 . 158 295 504 495 507 1325 98 . 789 1068 318 438 277 277 1704 1660 1587 229 749 283 1932 Core 13133 | . 353 . 952 220 . 36 247 504 447 363 1089 72 . 729 674 318 438 205 . 1405 1297 1177 130 624 177 1676 Parts 3461 | . 37 . 218 121 . 122 48 . 48 144 236 26 . 60 394 . . 72 277 299 363 410 99 125 106 256 Protomatter Decayed 8818 | . 14 . 9 61 . . 17 . 5 116 15 96 . 211 33 . . . 83 227 46 . 52 145 45 7643 Game ------ Seed OpticalRocketExtractor Manual? 0 Play Time 04:48:27 Cumulative 122.6 hours Start 2024.09.11 @ 22:38:44 End 2024.09.13 @ 23:11:57 Sessions 31 Manual Loads 0 Difficulty Rogue Special Mode Winter2019/RPGLIKE Game No. 41 Rogue 39 Adventurer 2 Explorer 0 Win Type 8 Total 10 Types 1/1/2/1/1/1/1/1/1 Lore% 39 Gallery% 70 Achievement% 61 Wizard Run 0 Options --------- Layout 0 ASCII 0 Keyboard 0 Movement Mouse Keybinds 1 Fullscreen 2 Font 18/Smallcaps Map View 76x50 Zoom Use 0% Tactical HUD 1 Map Filters NONE Filters NONE Steam 1 RUN: 0c0187ba-3d3a-41bc-abc9-ee8a0ea337dd